 Dungeon Crawl Stone Soup version 0.29-a0-1061-gbc57f8fbdb (webtiles) character file.

Game seed: 4520460610439832866

175 KleinerIrrer the Insei (level 5, -1/36 HPs)
             Began as an Octopode Monk on Aug 18, 2022.
             Slain by a phantom (6 damage)
             ... on level 3 of the Dungeon.
             The game lasted 00:04:54 (3933 turns).

KleinerIrrer the Insei (Octopode Monk)              Turns: 3933, Time: 00:04:55

Health: -1/36      AC:  1    Str: 11    XL:     5   Next: 55%
Magic:  5/5        EV: 14    Int: 12    God:
Gold:   85         SH:  0    Dex: 16    Spells: 4/4 levels left

rFire   . . .      SeeInvis .     - Unarmed
rCold   . . .      Faith    .   (no shield)
rNeg    . . .      Spirit   .   (helmet restricted)
rPois   .          Reflect  .   (no amulet)
rElec   .          Harm     .   m - ring of flight
rCorr   .          Rampage  .   (no ring)
Will    .....                   (no ring)
Stlth   +++.......              (no ring)
HPRegen 0.12/turn               (no ring)
MPRegen 0.09/turn               (no ring)
                                (no ring)
                                (no ring)

@: flying
A: almost no armour, amphibious, 8 rings, camouflage 1, gelatinous body 1,
(nimble swimmer 1), tentacles
a: no special abilities


You were on level 3 of the Dungeon.
You visited 1 branch of the dungeon, and saw 4 of its levels.

You collected 85 gold pieces.

Inventory:

Missiles
 j - 5 poisoned darts (quivered)
Armour
 e - a +0 tower shield
Jewellery
 m - a ring of flight (left tentacle)
Scrolls
 c - 4 scrolls of identify {unknown}
 i - a scroll of brand weapon {unknown}
 n - a scroll of teleportation {unknown}
 o - a scroll of silence {unknown}
 p - a scroll of vulnerability {unknown}
 q - a scroll of enchant armour {unknown}
Potions
 b - 2 potions of curing {unknown}
 d - a potion of brilliance {unknown}
 f - a potion of resistance {unknown}
 g - 3 potions of heal wounds {unknown}
 h - 2 potions of degeneration {unknown}
 k - 2 potions of might {unknown}
 l - 3 potions of flight {unknown}
 r - a potion of magic {unknown}


   Skills:
 - Level 3.0 Fighting
 - Level 3.0 Dodging
 - Level 2.6 Stealth
 + Level 6.1 Unarmed Combat


You had 4 spell levels left.
You didn't know any spells.
Your spell library contained the following spells:

 Spells                   Type           Power      Damage    Failure   Level
 Apportation              Tloc           0%         N/A       32%         1
 Magic Dart               Conj           0%         1d3       32%         1
 Necrotise                Necr           0%         1d4       32%         1
 Summon Small Mammal      Summ           0%         N/A       32%         1
 Searing Ray              Conj           0%         2d4       45%         2
 Fulminant Prism          Conj/Hex       0%         3d6       97%         4


Dungeon Overview and Level Annotations

Branches:
Dungeon (4/15)
 Temple: D:4-7

Altars:
Yredelemnul

Shops:
D:2 [   D:3 (


Innate Abilities, Weirdness & Mutations

You cannot wear most types of armour.
You are amphibious.
You can wear up to eight rings at the same time.
Your skin changes colour to match your surroundings (Stealth+).
Your rubbery body absorbs attacks. (AC +1, EV +1)
((You are camouflaged when in or above water. (Stealth+)))
You have tentacles for arms and can constrict up to eight enemies at once.


Message History

You're too confused to move!
The jelly completely misses you.
You are no longer corroded.
You bump into the rock wall.
The jelly barely misses you.
You bump into the rock wall.
The jelly hits you.
You are splashed with acid!
The phantom hits you.
You bump into the rock wall.
The jelly closely misses you. The phantom closely misses you.
You completely miss the phantom. You squeeze the phantom.
The phantom is heavily damaged.
You feel less invigorated.
You feel less confused. The jelly completely misses you. The phantom hits you!
The jelly attacks as you move away! The jelly misses you.
The jelly attacks as you move away! The jelly barely misses you.
You tentacle-slap the jelly.
Your tentacles burn!
* * * LOW HITPOINT WARNING * * *
The jelly is heavily wounded.
The jelly hits you but does no damage.
You tentacle-slap the jelly.
Your tentacles burn!
* * * LOW HITPOINT WARNING * * *
You squeeze the jelly.
You kill the jelly!
Your Unarmed Combat skill increases to level 6!
You tentacle-slap the phantom. Your squeeze misses the phantom.
The phantom is severely damaged.
You tentacle-slap the phantom but do no damage.
Your squeeze misses the phantom.
The phantom is severely damaged.
The phantom closely misses you.
You closely miss the phantom.
The phantom is severely damaged.
The phantom barely misses you.
You bludgeon the phantom!
The phantom is almost destroyed.
The phantom closely misses you.
You tentacle-slap the phantom but do no damage.
Your tentacle-slap misses the phantom.
The phantom is almost destroyed.
The phantom hits you.
You die...

######### #.......# #.#####.#
#############.# #.#
#.............#####.###########
................@W.....>......#
#.............#####.##...###.##
#....)............<.##...# #.#
####.....................# #.#
####..........รท....####..# #.#
...................##....# #.#
####...............##.#.## #.#
#...............##.#.# #.####
#...............##...# #....#


You could see a phantom.

Vanquished Creatures
  A jelly (D:3)
  3 gnolls (D:3)
  6 adders
  3 dart slugs
  3 bats
  7 endoplasms
  A giant cockroach (D:2)
  7 goblins
  7 hobgoblins
  A quokka (D:2)
  3 ball pythons
  4 frilled lizards
  4 kobolds
  8 rats
58 creatures vanquished.

Notes
Turn   | Place    | Note
-------+----------+-------------------------------------------
     0 | D:1      | KleinerIrrer the Octopode Monk began the quest for the Orb.
     0 | D:1      | Reached XP level 1. HP: 16/16 MP: 1/1
   158 | D:1      | Reached XP level 2. HP: 21/21 MP: 2/2
   628 | D:1      | Reached skill level 4 in Unarmed Combat
  1096 | D:1      | Reached XP level 3. HP: 13/26 MP: 3/3
  1799 | D:2      | Found Mofacseigg's Armour Shoppe.
  1855 | D:2      | Reached XP level 4. HP: 29/31 MP: 4/4
  2106 | D:2      | Reached skill level 5 in Unarmed Combat
  2248 | D:2      | Found a basalt altar of Yredelemnul.
  3064 | D:3      | HP: 1/31 [gnoll/+0 flail (7)]
  3068 | D:3      | Reached XP level 5. HP: 1/36 MP: 5/5
  3664 | D:3      | Found Cyores's Antique Weapon Shoppe.
  3893 | D:4      | Noticed a phantom
  3929 | D:3      | Reached skill level 6 in Unarmed Combat
  3933 | D:3      | Slain by a phantom

Illustrated notes

Levels and vault maps discovered:
D:1:      minmay_arrival_plants_in_alcoves, layout_basic
D:2:      layout_basic, basic_altar, serial_shops,
          nicolae_shop_temple_entry_statues_fountains, feat_on_display
D:3:      layout_basic, serial_shops, shop
D:4:      layout_basic, nicolae_uskayaw_dance_hall, uniq_duvessa

Skill      XL: |  1  2  3  4  5 |
---------------+----------------+-----
Unarmed Combat | 4 5 6 |  6.1
Fighting       | |  3.0
Dodging        | |  3.0
Stealth        | |  2.6

Action                   |  1- 3 |  4- 6 || total
-------------------------+-------+-------++-------
Melee: Unarmed           |    56 |    91 ||   147
       Tentacles         |     9 |    20 ||    29
       Constrict         |    14 |    16 ||    30
       Punch             |     3 |     1 ||     4
Throw: Stone             |     2 |     4 ||     6
       Dart              |       |     5 ||     5
  Use: Potion            |       |     1 ||     1
 Stab: Sleeping          |     4 |     9 ||    13
Armor: Skin              |     2 |     4 ||     6
Dodge: Dodged            |    24 |    49 ||    73

Table legend: (Time is in decaauts)
 A = Elapsed time spent in this place.
 B = Non-inter-level travel time spent in this place.
 C = Inter-level travel time spent in this place.
 D = Time resting spent in this place.
 E = Time spent auto-exploring this place.
 F = Levels seen in this place.
 G = Mean time per level.
                   A        B        C        D        E       F      G
               +--------+--------+--------+--------+--------+-----+--------+
         Total |   3920 |   3566 |    354 |    363 |   2724 |   4 |  980.0 |
       Dungeon |   3920 |   3566 |    354 |    363 |   2724 |   4 |  980.0 |
               +--------+--------+--------+--------+--------+-----+--------+

Top non-repeatable levels by time:
     D:2: 1767 daAuts
     D:1: 1328 daAuts
     D:3: 787 daAuts
     D:4: 37 daAuts
